 Dungeon Crawl Stone Soup version 0.26-a0-752-gcff87cac9a (webtiles) character file.

Game seed: 267379532601921902

45 Antenora the Skirmisher (level 3, 0/29 HPs)
             Began as a Demonspawn Abyssal Knight on Nov 6, 2020.
             Was a Follower of Lugonu.
             Slain by an adder (3 damage)
             ... on level 2 of the Dungeon.
             The game lasted 00:05:14 (1200 turns).

Antenora the Skirmisher (Demonspawn Abyssal Knight) Turns: 1200, Time: 00:05:15

Health: 0/29       AC:  3    Str: 13    XL:     3   Next: 42%
Magic:  5/5        EV: 11    Int: 13    God:    Lugonu [*.....]
Gold:   103        SH:  0    Dex: 12    Spells: 2/2 levels left

rFire    . . .     SeeInvis .   a - +1 falchion
rCold    . . .     Faith    .   (no shield)
rNeg     . . .     Spirit   .   b - +0 leather armour
rPois    .         Reflect  .   (helmet restricted)
rElec    .         Harm     .   (no cloak)
rCorr    .         Rampage  .   (no gloves)
MR       .....                  (no boots)
Stlth    +.........             (no amulet)
HPRegen  0.09/turn              (no ring)
MPRegen  0.09/turn              (no ring)

@: no status effects
A: antennae 1
a: Depart the Abyss, Renounce Religion


You were on level 2 of the Dungeon.
You worshipped Lugonu.
Lugonu was aware of your devotion.
You visited 1 branch of the dungeon, and saw 2 of its levels.
You visited the Abyss 1 time.

You collected 103 gold pieces.

Inventory:

Hand Weapons
 a - a +1 falchion (weapon)
Armour
 b - a +0 leather armour (worn)
 e - a +0 leather armour
Scrolls
 c - 2 scrolls of teleportation
Potions
 h - a potion of degeneration


   Skills:
 + Level 3.5 Fighting
 + Level 2.3 Long Blades
 + Level 2.0 Armour
 + Level 1.3 Dodging
 * Level 3.0 Invocations


You had 2 spell levels left.
You didn't know any spells.
Your spell library was empty.

Dungeon Overview and Level Annotations

Branches:
Dungeon (2/15)

Altars:


Innate Abilities, Weirdness & Mutations

You have a pair of small antennae on your head.


Message History

* * * LOW HITPOINT WARNING * * *
As you read the scroll of teleportation, it crumbles to dust.
You feel strangely unstable. The bat hits you.
* * * LOW HITPOINT WARNING * * *
You feel better. The bat hits you but does no damage.
The frilled lizard closely misses you. The bat barely misses you.
Your surroundings suddenly seem different.
An adder comes into view.
An adder comes into view.
The adder hisses angrily.
The adder misses you. The adder bites you.
* * * LOW HITPOINT WARNING * * *
The adder bites you but does no damage. The adder bites you.
* * * LOW HITPOINT WARNING * * *
The adder closely misses you.
You riposte.
You miss the adder. The adder bites you.
You die...

#..##.........#
#..##.........#
#..##..........
####..##....>.....
#.....##.#######..
#.##.....# ..
#.......## ..
#S###..## .. #@#
### #. #..# #..#
####


You could see an adder.

Vanquished Creatures
  An adder (D:2)
  2 dart slugs (D:1)
  A leopard gecko (D:1)
  2 bats (D:1)
  2 giant cockroaches (D:1)
  5 goblins
  4 hobgoblins
  2 frilled lizards (D:1)
  6 kobolds
  6 rats
31 creatures vanquished.

Notes
Turn   | Place    | Note
-------+----------+-------------------------------------------
     0 | Abyss:1  | Antenora the Demonspawn Abyssal Knight began the quest for
                  | the Orb.
     0 | Abyss:1  | Reached XP level 1. HP: 18/18 MP: 2/2
   100 | Abyss:1  | Noticed a wretched star
   101 | D:1      | Escaped the Abyss
   248 | D:1      | Gained mutation: You have a pair of small antennae on your
                  | head. [demonic ancestry]
   248 | D:1      | Reached XP level 2. HP: 21/24 MP: 4/4
   253 | D:1      | Reached * piety under Lugonu
   797 | D:1      | Reached XP level 3. HP: 25/29 MP: 5/5
   859 | D:2      | Reached skill level 1 in Dodging
  1187 | D:2      | HP: 1/29 [bat (1)]
  1200 | D:2      | Slain by an adder

Illustrated notes

Levels and vault maps discovered:
D:1:      shiori_arrival_maze, layout_rooms, chequers_serial_rivers_marsh,
          corexii_item_surrounded_by_moat, minmay_misc_feat_five
D:2:      layout_rooms

Skill      XL: |  1  2  3 |
---------------+----------+-----
Long Blades    | 2 |  2.3
Invocations    | 3 |  3.0
Dodging        | 1 |  1.3
Armour         | 2 |  2.0
Fighting       | |  3.5

Action                   || total
-------------------------++-------
Melee: Falchion          ||    69
Invok: Depart the Abyss  ||     1
  Use: Scroll            ||     5
       Potion            ||     3
Armor: Leather armour    ||    43
Dodge: Dodged            ||    91
       Rpst.: Falchion   ||    24

Table legend: (Time is in decaauts)
 A = Elapsed time spent in this place.
 B = Non-inter-level travel time spent in this place.
 C = Inter-level travel time spent in this place.
 D = Time resting spent in this place.
 E = Time spent auto-exploring this place.
 F = Levels seen in this place.
 G = Mean time per level.
                   A        B        C        D        E       F      G
               +--------+--------+--------+--------+--------+-----+--------+
         Total |   1213 |   1213 |      0 |    394 |      0 |   3 |  404.3 |
       Dungeon |   1112 |   1112 |      0 |    394 |      0 |   2 |  556.0 |
         Abyss |    101 |    101 |      0 |      0 |      0 |   1 |  101.0 |
               +--------+--------+--------+--------+--------+-----+--------+

Top non-repeatable levels by time:
     D:1: 752 daAuts
     D:2: 360 daAuts
 Abyss:1: 101 daAuts
